 Dungeon Crawl Stone Soup version 0.27-a0-828-g8289197e94 (webtiles) character file.

Game seed: 4045045049661729347

2097 wakim the Skirmisher (level 9, -8/83 HPs)
             Began as an Octopode Transmuter on Mar 30, 2021.
             Was a Believer of Sif Muna.
             Mangled by an orc warrior
             ... wielding a +4 battleaxe
              (13 damage)
             ... in the Ecumenical Temple.
             The game lasted 00:26:12 (9686 turns).

wakim the Skirmisher (Octopode Transmuter)          Turns: 9686, Time: 00:26:13

Health: -8/83      AC:  7    Str:  9    XL:     9   Next: 28%
Magic:  11/15      EV:  8    Int: 19    God:    Sif Muna [**....]
Gold:   398        SH:  0    Dex: 12    Spells: 8/16 levels left

rFire    . . .     SeeInvis .     - Unarmed
rCold    . . .     Faith    .   (shield currently unavailable)
rNeg     . . .     Spirit   .   (helmet currently unavailable)
rPois    +         Reflect  .   (no amulet)
rElec    .         Harm     .   d - ring of poison resistance
rCorr    +         Rampage  .   h - ring of resist corrosion
Will     .....                  (no ring)
Stlth    ++........             (no ring)
HPRegen  0.23/turn              (no ring)
MPRegen  0.14/turn              (no ring)
                                (no ring)
                                (no ring)

@: hydra-form
A: fast swimmer, devour, boosted hp, almost no armour, amphibious, 8 rings, very
large, (camouflage 1), (gelatinous body 1), (nimble swimmer 1), (tentacles)
a: End Transformation, Renounce Religion, Channel Magic


You were in the Ecumenical Temple.
You worshipped Sif Muna.
Sif Muna was pleased with you.
You were a three-headed hydra.
You visited 2 branches of the dungeon, and saw 8 of its levels.

You collected 398 gold pieces.


Innate Abilities, Weirdness & Mutations

You are a three-headed hydra.
You swim very quickly.
You can devour living enemies to heal.
Your maximum health is greatly increased.
Your armour is entirely melded.
You are incapable of wielding weapons or throwing items.
You cannot wear most types of armour.
You are amphibious.
You can wear up to eight rings at the same time.
((Your skin changes colour to match your surroundings (Stealth+).))
((Your rubbery body absorbs attacks. (AC +1, EV +1)))
((You are camouflaged near water. (Stealth+)))
((You have tentacles for arms and can constrict up to eight enemies at once.))


   Skills:
 - Level 7.0 Fighting
 * Level 3.2 Dodging
 - Level 3.0 Stealth
 - Level 4.0 Shields
 * Level 3.9 Unarmed Combat
 + Level 4.3 Spellcasting
 * Level 6.4 Transmutations


You had 8 spell levels left.
You knew the following spells:

 Your Spells              Type           Power      Damage    Failure   Level
a - Beastly Appendage     Tmut           56%        N/A       1%          1
b - Hydra Form            Tmut           14%        N/A       26%         5
w - Wereblood             Tmut           28%        N/A       1%          2

Your spell library contained the following spells:

 Spells                   Type           Power      Damage    Failure   Level
 Spider Form              Tmut/Pois      8%         N/A       11%         3
 Poisonous Vapours        Pois/Air       8%         N/A       21%         2
 Ice Form                 Ice/Tmut       16%        N/A       34%         4
 Petrify                  Tmut/Erth      16%        N/A       34%         4
 Confusing Touch          Hex            4%         N/A       36%         3
 Conjure Flame            Conj/Fire      4%         6-21      36%         3
 Gell's Gravitas          Tloc           2%         N/A       36%         3
 Mephitic Cloud           Conj/Pois/Air  4%         N/A       36%         3
 Yara's Violent Unravell  Hex/Tmut       8%         3d5       69%         5
 Metabolic Englaciation   Hex/Ice        2%         N/A       98%         5
 Freezing Cloud           Conj/Ice/Air   2%         6-21      100%        6

Inventory:

Hand Weapons
 a - a +4 short sword of speed (melded) {short}
   (You took it off a kobold on level 2 of the Dungeon)
Missiles
 c - 3 datura-tipped darts {throwing}
 e - 37 sling bullets
 f - 3 javelins {throwing}
 i - 37 poisoned darts (quivered) {throwing}
 j - 2 throwing nets {=f!fthrowing}
Armour
 l - a +0 buckler of protection (melded)
   (You acquired it on level 2 of the Dungeon)
Jewellery
 b - a ring of protection from cold
   (You took it off a gnoll on level 6 of the Dungeon)
 d - a ring of poison resistance (left foreclaw)
   (You found it on level 5 of the Dungeon)
 h - a ring of resist corrosion (right foreclaw)
   (You found it on level 6 of the Dungeon)
Wands
 w - a wand of acid (9)
   (You found it on level 4 of the Dungeon)
Scrolls
 g - a scroll of enchant weapon
 T - a scroll of teleportation {@r4}
 W - 2 scrolls of holy word
Potions
 C - a potion of berserk rage {!q}
 E - 5 potions of cancellation
 F - 2 potions of curing {@q1}
 G - 2 potions of flight
 L - 2 potions of lignification {!q}
 O - a potion of resistance

Dungeon Overview and Level Annotations

Branches:
Dungeon (7/15)             Temple (1/1) D:7

Altars:
Ashenzari
Sif Muna
Xom

Shops:
D:1 ?

Annotations:
D:4 Pikel
D:5 exclusion: two-headed ogre

... ._.
... #.#
#.#
##.##
##...##
#.)D..#
##.o.##
##.##
#+#


You could see an orc warrior.


Message History

You squeeze the ice beast, but do no damage.
You hit the ice beast but do no damage.
You pierce the ice beast.
The ice beast barely misses you.
You hit the ice beast but do no damage. The ice beast barely misses you.
You hit the ice beast.
You pierce the ice beast, but do no damage.
You squeeze the ice beast! You puncture the ice beast!
You block the ice beast's attack.
You hit the ice beast but do no damage.
Your tentacle spike misses the ice beast.
The ice beast closely misses you. 😕 HP[+1]
You hit the ice beast but do no damage.
The ice beast hits you but does no damage.
You hit the ice beast.
You pierce the ice beast, but do no damage.
You barely miss the ice beast.
You pierce the ice beast, but do no damage.
The ice beast closely misses you. 😕 MP[+1]
Your mp is fully restored (15).
You barely miss the ice beast. The ice beast misses you.
You closely miss the ice beast. You squeeze the ice beast.
You kill the ice beast!
Sif Muna accepts your kill.
Your Fighting skill increases to level 7! 😕 HP[+1]
You now have 64 max hp (+1).
You start resting.
Your transformation is almost over.
Your tentacle spike disappears. 😎 HP[+9]
Your hp is fully restored (64).
Casting: Beastly Appendage (safe; 1% risk of failure)
Confirm with . or Enter, or press ? or * to list all spells.
The spell is quite dangerous to cast (26% risk of failure)!
Continue anyway?
You miscast Hydra Form.
You are very lightly contaminated with residual magic.
Your body is flooded with distortional energies. 😎 MP[-5]
You lost 5 mp, and now have 10/15 mp.
You start resting. 😎 MP[+5]
Your mp is fully restored (15).
You start waiting.
Your magical contamination has completely faded away.
Done waiting.
Casting: Hydra Form (quite dangerous; 26% risk of failure)
Confirm with . or Enter, or press ? or * to list all spells.
The spell is quite dangerous to cast (26% risk of failure)!
Continue anyway?
You turn into a three-headed hydra.
Your +4 short sword of speed {short} melds into your body.
Your +0 buckler of protection melds into your body.
You feel less protected. 😎 HP[+19] MP[-5]
You now have 83 max hp (+19).
Your hp is fully restored (83).
You lost 5 mp, and now have 10/15 mp.
You can't go down here!
You climb upwards.
Welcome back to the Dungeon!
The orc hits you with a +0 mace.
The orc warrior hits you with a +4 battleaxe!
There is a staircase to the Ecumenical Temple, spattered with blood here. 😮 HP[-22]
You take 22 damage, and now have 61/83 hp.
MASSIVE DAMAGE!! (PAUSE)
You can't go up here!
The orc warrior hits you with a +4 battleaxe.
You climb downwards.
Welcome back to the Ecumenical Temple!
There is a staircase back to the Dungeon here. 😮 HP[-6]
You take 6 damage, and now have 55/83 hp.
You nip at the orc.
You devour the orc!
You feel better.
You kill the orc!
Sif Muna accepts your kill.
You nip at the orc warrior but do no damage.
The orc warrior hits you with a +4 battleaxe!
* * * LOW HITPOINT WARNING * * *
😨 HP[-14] MP[+1]
You take 14 damage, and now have 41/83 hp.
You bite the orc warrior!
The orc warrior hits you with a +4 battleaxe!
* * * LOW HITPOINT WARNING * * *
😨 HP[-8]
You take 8 damage, and now have 33/83 hp.
You barely miss the orc warrior.
The orc warrior hits you with a +4 battleaxe!
* * * LOW HITPOINT WARNING * * *
😱 HP[-13]
You take 13 damage, and now have 20/83 hp.
You nip at the orc warrior but do no damage.
The orc warrior barely misses you.
You nip at the orc warrior.
The orc warrior barely misses you.
You nip at the orc warrior but do no damage.
The orc warrior hits you with a +4 battleaxe!
* * * LOW HITPOINT WARNING * * *
😱 HP[-16]
You take 16 damage, and now have 4/83 hp.
You nip at the orc warrior.
The orc warrior hits you with a +4 battleaxe!
You die...

Skill      XL: |  1  2  3  4  5  6  7  8  9 |
---------------+----------------------------+-----
Shields        | 1 2 4 |  4.0
Dodging        | 3 |  3.2
Fighting       | 2 3 5 6 7 |  7.0
Stealth        | 2 3 |  3.0
Transmutations | 3 5 6 |  6.4
Spellcasting   | 3 4 |  4.3
Unarmed Combat | |  3.9

Action                   |  1- 3 |  4- 6 |  7- 9 || total
-------------------------+-------+-------+-------++-------
Melee: Short sword       |    60 |   112 |   215 ||   387
       Constrict         |    18 |    21 |    23 ||    62
       Tentacles         |    10 |    24 |    40 ||    74
       Hand axe          |     2 |       |       ||     2
       Kick              |     8 |    23 |    54 ||    85
       Spear             |    13 |       |       ||    13
       Punch             |       |     5 |     3 ||     8
       Unarmed           |       |       |     7 ||     7
Throw: Dart              |    26 |    61 |    30 ||   117
       Stone             |       |     2 |       ||     2
 Cast: Beastly Appendage |    10 |    17 |    20 ||    47
       Wereblood         |       |       |     2 ||     2
       Hydra Form        |       |       |     1 ||     1
  Use: Scroll            |     8 |     6 |     4 ||    18
 Stab: Sleeping          |     5 |     3 |     6 ||    14
Armor: Skin              |     3 |    11 |    23 ||    37
Dodge: Dodged            |    60 |    39 |    96 ||   195
Block: Buckler           |     1 |    25 |    29 ||    55

Levels and vault maps discovered:
D:1:      nicolae_arrival_memento_mori, layout_basic, serial_shops,
          nicolae_shop_behind_doors, minmay_split_cup_small
D:2:      layout_loops_corners
D:3:      layout_basic, chequers_ecumenical_altar_simple, gup_sewer_entry_spiral
D:4:      lemuel_castle_with_subvaults [lemuel_castle_interior_carwin_2],
          layout_layer_cave, evilmike_ruin_ashenzari, uniq_pikel, uniq_sigmund,
          uniq_blork_the_orc
D:5:      layout_basic
D:6:      layout_basic
D:7:      layout_rooms, minmay_temple_entry_waves
Temple:   minmay_crystal_snake_temple

Notes
Turn   | Place    | Note
-------+----------+-------------------------------------------
     0 | D:1      | wakim the Octopode Transmuter began the quest for the Orb.
     0 | D:1      | Reached XP level 1. HP: 13/13 MP: 3/3
     0 | D:1      | magus.rc [v1.9.6]
   267 | D:1      | Reached XP level 2. HP: 17/18 MP: 3/5
   534 | D:1      | Found Cicaop's Magic Scroll Boutique.
   854 | D:1      | Reached XP level 3. HP: 10/23 MP: 4/6
  1622 | D:2      | Identified a scroll of acquirement
  1622 | D:2      | Acquired a +0 buckler of protection
  2211 | D:3      | Found a faded altar of an unknown god.
  2216 | D:3      | You pick up a book of Misfortune and begin reading...
  2216 | D:3      | You add the spells Confusing Touch, Gell's Gravitas,
                  | Petrify, Metabolic Englaciation and Yara's Violent
                  | Unravelling to your library.
  2234 | D:3      | Reached skill level 1 in Shields
  2234 | D:3      | Reached XP level 4. HP: 18/29 MP: 5/7
  2270 | D:2      | Reached skill level 3 in Dodging
  2374 | D:3      | HP: 3/29 [gnoll/+0 halberd (15)]
  2730 | D:3      | Reached skill level 2 in Fighting
  2826 | D:3      | Became a worshipper of Sif Muna the Loreminder
  2826 | D:3      | Reached * piety under Sif Muna
  2946 | D:4      | Noticed a scorpion
  3082 | D:4      | Reached XP level 5. HP: 34/34 MP: 8/8
  3096 | D:4      | HP: 1/34 [gnoll/+2 halberd of distortion (20)]
  3405 | D:4      | Noticed a lemure
  3424 | D:4      | Reached skill level 2 in Shields
  3520 | D:4      | Noticed a phantom
  3732 | D:4      | Found a broken altar of Ashenzari.
  3792 | D:4      | Killed a phantom
  3793 | D:4      | Reached skill level 2 in Stealth
  3885 | D:4      | Noticed Pikel
  3885 | D:4      | Noticed a lemure
  3885 | D:4      | Noticed a lemure
  3887 | D:4      | Noticed a lemure
  3905 | D:3      | Killed a lemure
  3978 | D:3      | Killed a lemure
  4172 | D:4      | Reached XP level 6. HP: 41/41 MP: 9/9
  4370 | D:3      | Reached skill level 3 in Stealth
  4370 | D:3      | Reached skill level 3 in Shields
  4647 | D:4      | HP: 10/41 [gnoll/+0 halberd (13)]
  5699 | D:4      | Reached skill level 3 in Fighting
  5968 | D:5      | Entered Level 5 of the Dungeon
  5977 | D:5      | Reached skill level 4 in Shields
  6101 | D:5      | Reached XP level 7. HP: 22/46 MP: 10/10
  6118 | D:5      | Reached skill level 4 in Fighting
  6518 | D:5      | Reached skill level 5 in Fighting
  6664 | D:5      | Noticed a two-headed ogre
  6820 | D:5      | Reached skill level 3 in Transmutations
  6820 | D:5      | Reached XP level 8. HP: 50/57 MP: 11/11
  7457 | D:6      | Reached skill level 6 in Fighting
  7662 | D:6      | Reached skill level 3 in Spellcasting
  7662 | D:6      | Reached skill level 4 in Transmutations
  7834 | D:6      | Reached ** piety under Sif Muna
  8182 | D:6      | Reached skill level 5 in Transmutations
  8444 | D:6      | You pick up a book of Clouds and begin reading...
  8444 | D:6      | You add the spells Poisonous Vapours, Mephitic Cloud,
                  | Conjure Flame and Freezing Cloud to your library.
  8448 | D:6      | Learned a level 2 spell: Wereblood
  8454 | D:6      | Learned a level 5 spell: Hydra Form
  8791 | D:7      | HP: 10/58 [something (6)]
  8792 | D:7      | Reached XP level 9. HP: 11/63 MP: 14/14
  9073 | D:7      | Reached skill level 4 in Spellcasting
  9174 | D:7      | Reached skill level 6 in Transmutations
  9446 | D:7      | Found a staircase to the Ecumenical Temple.
  9462 | Temple   | Entered the Ecumenical Temple
  9497 | Temple   | Reached skill level 7 in Fighting
  9682 | Temple   | HP: 20/83 [orc warrior/+4 battleaxe (13)]
  9685 | Temple   | HP: 4/83 [orc warrior/+4 battleaxe (16)]
  9686 | Temple   | Mangled by an orc warrior

Vanquished Creatures
  A steam dragon (D:7)
  2 water moccasins
  An ice beast (Temple)
  A necrophage (D:5)
  2 centaurs (D:6)
  3 lemures (D:3)
  A kobold brigand (D:6)
  3 phantoms
  A bullfrog (D:6)
  2 wyvern zombies
  5 scorpions
  A water moccasin zombie (D:5)
  A wyvern skeleton (D:7)
  A howler monkey (D:5)
  2 centaur zombies (D:5)
  A centaur skeleton (D:5)
  An orc priest (D:7)
  A bullfrog skeleton (D:6)
  An iguana (D:5)
  An orc wizard (D:5)
  19 gnolls
  A howler monkey skeleton (D:7)
  2 river rats (D:3)
  An adder (D:3)
  An adder skeleton (D:4)
  2 dart slugs
  8 orcs
  2 endoplasms (D:4)
  3 giant cockroaches
  6 goblins
  5 hobgoblins
  12 jackals
  5 quokkas
  A ball python (D:1)
  6 bats
  2 frilled lizards
  8 kobolds
  5 rats
121 creatures vanquished.

Vanquished Creatures (others)
  3 plants (D:4)
3 creatures vanquished.

Grand Total: 124 creatures vanquished

Table legend:
 A = Non-vault XP
 B = Vault XP
 C = Vault XP percentage of total XP
 D = Non-vault monster count
 E = Vault monster count
 F = Vault count percentage of total count
                 A         B        C        D         E       F
            +---------+---------+-------+---------+---------+-------
      Total |    2926 |      70 |   2.3 |     105 |      13 |  11.0
            +---------+---------+-------+---------+---------+-------
        D:1 |      29 |       5 |  14.7 |      16 |       3 |  15.8
        D:2 |      38 |       0 |   0.0 |      16 |       0 |   0.0
        D:3 |     132 |      34 |  20.5 |       8 |       6 |  42.9
        D:4 |     276 |      31 |  10.1 |      18 |       4 |  18.2
        D:5 |     942 |       0 |   0.0 |      21 |       0 |   0.0
        D:6 |     766 |       0 |   0.0 |      14 |       0 |   0.0
        D:7 |     607 |       0 |   0.0 |      10 |       0 |   0.0
     Temple |     136 |       0 |   0.0 |       2 |       0 |   0.0
            +---------+---------+-------+---------+---------+-------

Illustrated notes

Table legend:
 A = Kills in this place as a percentage of kills in entire the game.
 B = Kills by you in this place as a percentage of kills by you in the entire game.
 C = Kills by friends in this place as a percentage of kills by friends in the entire game.
 D = Other kills in this place as a percentage of other kills in the entire game.
 E = Experience gained in this place as a percentage of experience gained in the entire game.
 F = Experience gained in this place divided by the number of levels of this place that you have seen.
                   A       B       C       D       E      F
               +-------+-------+-------+-------+-------+----------------------
         Total | 100.0 | 100.0 |   N/A |   N/A | 100.0 | 374.5
       Dungeon |  98.3 |  98.3 |   N/A |   N/A |  95.5 | 408.6
        Temple |   1.7 |   1.7 |   N/A |   N/A |   4.5 | 136.0
               +-------+-------+-------+-------+-------+----------------------

Table legend: (Time is in decaauts)
 A = Elapsed time spent in this place.
 B = Non-inter-level travel time spent in this place.
 C = Inter-level travel time spent in this place.
 D = Time resting spent in this place.
 E = Time spent auto-exploring this place.
 F = Levels seen in this place.
 G = Mean time per level.
                   A        B        C        D        E       F      G
               +--------+--------+--------+--------+--------+-----+--------+
         Total |   9616 |   9027 |    589 |   2634 |   4902 |   8 | 1202.0 |
       Dungeon |   9417 |   8828 |    589 |   2457 |   4902 |   7 | 1345.3 |
        Temple |    199 |    199 |      0 |    177 |      0 |   1 |  199.0 |
               +--------+--------+--------+--------+--------+-----+--------+

Top non-repeatable levels by time:
     D:3: 2283 daAuts
     D:4: 1532 daAuts
     D:6: 1475 daAuts
     D:5: 1270 daAuts
     D:2: 1096 daAuts
     D:1: 1047 daAuts
     D:7: 711 daAuts
  Temple: 199 daAuts
